 Dungeon Crawl Stone Soup version 0.24-a0-520-g8fd06ad0bc (webtiles) character file.

Game seed: 1976927879143981029

84 Lavandula the Scratcher (level 4, -6/19 HPs)
             Began as a Felid Warper on July 24, 2019.
             Mangled by Menkaure (25 damage)
             ... on level 4 of the Dungeon on July 26, 2019.
             The game lasted 00:07:19 (4334 turns).

Lavandula the Scratcher (Felid Warper)              Turns: 4334, Time: 00:07:20

Health: -6/19      AC:  1    Str:  8    XL:     4   Next: 24%
Magic:  14/17      EV: 18    Int: 14    God:
Gold:   145        SH:  0    Dex: 16    Spells: 3/7 levels left
                                        Lives:  0   Deaths: 1

rFire    . . .     SeeInvis +     - Unarmed
rCold    . . .     Gourm    .   (shield unavailable)
rNeg     . . .     Faith    .   (armour unavailable)
rPois    .         Spirit   .   (helmet unavailable)
rElec    .         Reflect  .   (cloak unavailable)
rCorr    .         Harm     .   (gloves unavailable)
MR       .....                  (boots unavailable)
Stlth    ++........             (no amulet)
HPRegen  0.06/turn              a - ring of magical power
MPRegen  0.15/turn              (no ring)

@: very slightly contaminated, quick
A: very small, no armour, no weapons or thrown items, stealth, claws 1, fangs 3,
see invisible, carnivore, speed 1, shaggy fur 1, slow metabolism 1, sharp paws
a: no special abilities


You were on level 4 of the Dungeon.
You were not hungry.

You visited 1 branch of the dungeon, and saw 4 of its levels.

You collected 145 gold pieces.

Inventory:

Jewellery
 a - a ring of magical power (left paw)
Scrolls
 b - a scroll of blinking
 d - 2 scrolls of identify {unknown}
 f - a scroll of teleportation {unknown}
 h - a scroll of random uselessness {unknown}
 k - a scroll of amnesia {unknown}
 m - 2 scrolls of fog {unknown}
Potions
 e - a potion of curing {unknown}
 g - a potion of berserk rage {unknown}
 i - a potion of invisibility {unknown}
 j - a potion of heal wounds {unknown}
 n - a potion of cancellation {unknown}
Comestibles
 c - 7 rations


   Skills:
 - Level 2.0 Fighting
 - Level 3.2 Dodging
 + Level 5.5 Unarmed Combat
 - Level 2.0 Spellcasting
 - Level 4.4 Translocations


You had 3 spell levels left.
You knew the following spells:

 Your Spells              Type           Power        Failure   Level  Hunger
a - Blink                 Tloc           N/A          6%          2    ###....
b - Shroud of Golubria    Chrm/Tloc      #.....       14%         2    ###....

Your spell library contained the following spells:

 Spells                   Type           Power        Failure   Level  Hunger
 Gell's Gravitas          Tloc           ##........   12%         3    ####...
 Lesser Beckoning         Tloc           ##........   12%         3    ####...
 Teleport Other           Tloc           ##......     12%         3    ####...
 Passage of Golubria      Tloc           N/A          36%         4    #####..


Dungeon Overview and Level Annotations

Branches:
Dungeon (4/15)
 Temple: D:4-7

Altars:
Dithmenos
Okawaru
Ru

Annotations:
D:2 Robin
D:4 Menkaure, Pikel


Innate Abilities, Weirdness & Mutations

You cannot wear armour.
You are incapable of wielding weapons or throwing items.
Your paws allow you to move quietly. (Stealth)
You have sharp claws.
You have razor-sharp teeth.
You have supernaturally acute eyesight. (SInv)
You are carnivorous and can eat meat at any time.
You cover ground quickly.
You are covered in fur. (AC +1)
You have a slow metabolism.
Your sharp claws are effective at attacking unaware monsters.


Message History

Menkaure casts a spell.
Menkaure seems to speed up.
Menkaure is nearby!
Casting: Shroud of Golubria (safe; 14% risk of failure)
Confirm with . or Enter, or press ? or * to list all spells.
You miscast Shroud of Golubria.
You are very lightly contaminated with residual magic.
Your skin tingles.
Casting: Shroud of Golubria (safe; 14% risk of failure)
Confirm with . or Enter, or press ? or * to list all spells.
Space distorts slightly along a thin shroud covering your body.
Your shroud bends Menkaure's attack away.
You claw Menkaure!
Menkaure is moderately damaged.
Menkaure closely misses you.
You scratch Menkaure but do no damage.
Menkaure is moderately damaged.
Menkaure misses you. Menkaure hits you!!
Ouch! That really hurt!
You die...

...........# ####...
...%......#.# ###....##
...[......#.####...####
######[.........#...#..###
...._.############...##
#o....# #..)....###
#.o...#### #.#####.#
#.Zo.....# #.# #.# #.<...#
#@# #.. ########...M.#
##.. #..#### ### #^ #


You could see Menkaure.

Vanquished Creatures
  Blork the orc (D:4)
  A worker ant (D:4)
  An adder (D:3)
  An ooze (D:2)
  An adder skeleton (D:4)
  4 worms
  3 leopard geckos
  An orc (D:4)
  2 giant cockroaches
  7 goblins
  7 hobgoblins
  2 quokkas (D:3)
  A ball python (D:1)
  9 bats
  5 frilled lizards
  4 kobolds
  5 rats
55 creatures vanquished.

Notes
Turn   | Place    | Note
-------+----------+-------------------------------------------
     0 | D:1      | Lavandula the Felid Warper began the quest for the Orb.
     0 | D:1      | Reached XP level 1. HP: 9/9 MP: 4/4
   330 | D:1      | Reached XP level 2. HP: 13/13 MP: 6/6
   470 | D:1      | Reached skill level 3 in Unarmed Combat
  1002 | D:1      | Learned a level 2 spell: Blink
  1005 | D:1      | Learned a level 2 spell: Shroud of Golubria
  1684 | D:2      | Reached XP level 3. HP: 11/16 MP: 7/7
  2923 | D:2      | Noticed Robin
  2939 | D:2      | Found a shadowy altar of Dithmenos.
  2987 | D:2      | Reached skill level 4 in Unarmed Combat
  3349 | D:3      | Found a sacrificial altar of Ru.
  3631 | D:3      | Reached XP level 4. HP: 13/19 MP: 8/8
  3682 | D:4      | Found an iron altar of Okawaru.
  3992 | D:4      | Noticed a slave
  3994 | D:4      | Noticed a slave
  3995 | D:4      | Noticed Pikel
  3996 | D:4      | Noticed a slave
  3998 | D:4      | Noticed a slave
  4032 | D:4      | Noticed Blork the orc
  4281 | D:4      | Killed Blork the orc
  4281 | D:4      | Reached skill level 5 in Unarmed Combat
  4281 | D:4      | Reached XP level 5. HP: 22/22 MP: 9/9
  4321 | D:4      | Slain by a hornet zombie
  4322 | D:4      | Reached XP level 4. HP: -2/19 MP: 13/17
  4330 | D:4      | Noticed Menkaure
  4334 | D:4      | Mangled by Menkaure

Levels and vault maps discovered:
D:1:      dpeg_arrival_tiny_f, layout_loops_ring, chequers_decorated_corner
D:2:      layout_loops_ring, lemuel_round_altar, minmay_misc_feat_tiny,
          nrook_mini_backslash, item_on_display_a, uniq_robin
D:3:      layout_rooms, first_ration, nicolae_ru_sacrificial_ziggurat
D:4:      layout_rooms, kennysheep_mini, overflow_temple_1_default,
          kennysheep_generic_room_12, uniq_menkaure, uniq_blork_the_orc,
          uniq_pikel, uniq_edmund

Skill      XL: |  1  2  3  4 |
---------------+-------------+-----
Unarmed Combat | 3 4 5 |  5.5
Fighting       | |  2.0
Dodging        | |  3.2
Spellcasting   | |  2.0
Translocations | |  4.4

Action                   |  1- 3 |  4- 6 || total
-------------------------+-------+-------++-------
Melee: Unarmed           |   141 |    35 ||   176
       Bite              |    10 |     3 ||    13
 Cast: Shroud of Golubri |    10 |     9 ||    19
 Stab: Sleeping          |    16 |       ||    16
  Eat: Chunk             |    13 |     1 ||    14
Armor: Skin              |     5 |       ||     5
Dodge: Dodged            |    70 |    30 ||   100

Table legend:
 A = Non-vault XP
 B = Vault XP
 C = Vault XP percentage of total XP
 D = Non-vault monster count
 E = Vault monster count
 F = Vault count percentage of total count
                 A         B        C        D         E       F
            +---------+---------+-------+---------+---------+-------
      Total |     142 |     100 |  41.3 |      49 |       6 |  10.9
            +---------+---------+-------+---------+---------+-------
        D:1 |      30 |       0 |   0.0 |      19 |       0 |   0.0
        D:2 |      30 |      10 |  25.0 |      10 |       5 |  33.3
        D:3 |      38 |       0 |   0.0 |      16 |       0 |   0.0
        D:4 |      44 |      90 |  67.2 |       4 |       1 |  20.0
            +---------+---------+-------+---------+---------+-------
